 Dungeon Crawl Stone Soup version 0.20.2-3-g29329e0561 (webtiles) character file.

169 Alfie the Shield-Bearer (level 5, -8/46 HPs)
             Began as a Hill Orc Fighter on Feb 3, 2023.
             Mangled by an iguana (12 damage)
             ... on level 3 of the Dungeon on Feb 6, 2023.
             The game lasted 00:05:29 (2089 turns).

Alfie the Shield-Bearer (Hill Orc Fighter)          Turns: 2089, Time: 00:05:30

Health: -8/46      AC:  7    Str: 20    XL:     5   Next: 50%
Magic:  5/5        EV:  7    Int:  8    God:
Gold:   196        SH:  9    Dex: 10    Spells: 4/4 levels left

rFire    . . .     SeeInvis .   a - +0 rapier
rCold    . . .     Gourm    .   c - +0 shield
rNeg     . . .     Faith    .   b - +0 scale mail
rPois    .         Spirit   .   (no helmet)
rElec    .         Reflect  .   (no cloak)
rCorr    .         Harm     .   (no gloves)
MR       .....                  (no boots)
Stlth    ..........             (no amulet)
Regen    0.2/turn               (no ring)
MPRegen  0.1/turn               (no ring)

@: no status effects
A: no striking features
a: no special abilities


You were on level 3 of the Dungeon.
You were hungry.

You visited 1 branch of the dungeon, and saw 3 of its levels.

You collected 196 gold pieces.

Inventory:

Hand Weapons
 a - a +0 rapier (weapon)
Missiles
 e - 2 tomahawks (quivered)
Armour
 b - a +0 scale mail (worn)
 c - a +0 shield (worn)
Scrolls
 g - 2 scrolls of fog {unknown}
 h - 5 scrolls of identify {unknown}
 k - a scroll of magic mapping {unknown}
 l - 2 scrolls of amnesia {unknown}
 m - a scroll of enchant armour {unknown}
 o - a scroll of teleportation {unknown}
 s - a scroll of enchant weapon {unknown}
Potions
 i - 2 potions of curing {unknown}
 p - a potion of invisibility {unknown}
 q - a potion of agility {unknown}
 r - a potion of ambrosia
Comestibles
 f - 3 bread rations
 j - 2 fruits
 n - 2 royal jellies


   Skills:
 + Level 4.1 Fighting
 + Level 3.9 Short Blades
 + Level 3.8 Armour
 + Level 0.5 Dodging
 + Level 4.3 Shields


You had 4 spell levels left.
You didn't know any spells.

Dungeon Overview and Level Annotations

Branches:
Dungeon (3/15)

Altars:
Nemelex Xobeh
Qazlal
Trog
Vehumet
Xom


Message History

You barely miss the iguana.
The iguana is heavily wounded.
You block the iguana's attack.
You closely miss the iguana.
The iguana is heavily wounded.
The iguana bites you.
You closely miss the iguana.
The iguana is heavily wounded.
The iguana bites you!
You hit the iguana.
The iguana is heavily wounded.
The iguana bites you!
* * * LOW HITPOINT WARNING * * *
You hit the iguana.
The iguana is almost dead.
The iguana bites you but does no damage.
You hit the iguana but do no damage.
The iguana is almost dead.
The iguana bites you!
You die...

.......>....###.###..
.............#...#..#
#.######.............
#.....#...#.## #
#.....#....... ..
####.#########
#.######## #.# #..
.##........# #.# #.#
......l@.#.# #.# #.#
########.#.#
#.#######.# #.....#.#
#.......#.. ##.##.#.#
#######.#.. #.#<.#.#
##.#.. #.#..#.#
#..#.. #......#
#.###. #..#.### #.#
#†
#..#.##########'###.


You could see an iguana.

Vanquished Creatures
  The ghost of Alfie the Skirmisher, an amateur HOFi (D:3)
  An adder (D:3)
  An ooze (D:1)
  3 worms
  3 dart slugs
  3 orcs (D:3)
  2 giant cockroaches
  11 goblins
  7 hobgoblins
  3 jackals (D:3)
  3 bats (D:1)
  2 frilled lizards
  6 kobolds
  4 rats
50 creatures vanquished.

Notes
Turn   | Place    | Note
-------+----------+-------------------------------------------
     0 | D:1      | Alfie the Hill Orc Fighter began the quest for the Orb.
     0 | D:1      | Reached XP level 1. HP: 19/19 MP: 1/1
   294 | D:1      | Reached XP level 2. HP: 8/27 MP: 2/2
   683 | D:1      | Reached XP level 3. HP: 31/33 MP: 3/3
   896 | D:2      | Found a sparkling altar of Nemelex Xobeh.
  1287 | D:2      | Found a stormy altar of Qazlal.
  1604 | D:3      | Reached XP level 4. HP: 40/40 MP: 4/4
  1654 | D:3      | Found a bloodstained altar of Trog.
  1735 | D:3      | Noticed Alfie's ghost (amateur HOFi)
  1750 | D:3      | Killed Alfie's ghost
  1750 | D:3      | Reached XP level 5. HP: 8/46 MP: 5/5
  1804 | D:3      | Found a radiant altar of Vehumet.
  1869 | D:3      | Found a shimmering altar of Xom.
  2089 | D:3      | Mangled by an iguana

Skill      XL: |  1  2  3  4 |
---------------+-------------+-----
Short Blades   | 3 |  3.9
Fighting       | 4 |  4.1
Shields        | 4 |  4.3
Armour         | |  3.8
Dodging        | |  0.5

Action                   |  1- 3 |  4- 6 || total
-------------------------+-------+-------++-------
Melee: Rapier            |   150 |    49 ||   199
Throw: Tomahawk          |       |     3 ||     3
  Use: Potion            |     2 |     1 ||     3
  Eat: Fruit             |     3 |     1 ||     4
Armor: Scale mail        |    64 |    13 ||    77
       Skin              |     3 |     4 ||     7
Dodge: Dodged            |    42 |    13 ||    55
Block: Shield            |    76 |    12 ||    88
